cohdb
Replays
Latest Replays
All Replays
Popular Replays
Top Player Replays
Match Explorer
How It Works
Community
CoH3 Stats
Reddit
Sign in to upload your games and track your stats! →
Sign in with Steam
Match 41261497
Unlisted
Match 41261497
Overview
Messages
Build Orders
End
Kradschützen Motorcycle Team
Selects Italian Combined Arms Battlegroup
Selects Bersaglieri Squad
Bersaglieri Squad
Bersaglieri Squad
Bersaglieri Squad
Construct Light Support Kompanie
2.5-tonne Medical Truck
Selects Bersaglieri Bolster
Panzerjäger Mechanized Group
Selects Breda Model 30 Light Machine Guns
Construct Mechanized Kompanie
Combat Half-tracks
Marder III Tank Destroyer
Bersaglieri Squad
8 Rad Armored Car
Selects Semovente da 75/18 Assault Gun
Selects Strafing Run
Support Armor Elements
StuG III D Assault Gun
Bersaglieri Squad
18-tonne Recovery Half-track
Panzerpioneer Squad
Construct Panzerarmee Kommand
Selects Artillery Cover
Panzer III L Medium Tank
Strafing Run
Kaisor
Sarmynation
0
0
Comments
sign in to comment!
No comments posted yet!